 Dungeon Crawl Stone Soup version 0.30-a0-613-gdd512c7efb (webtiles) character file.

Game seed: 11317281414090035129

1254 pokeman the Thaumaturge (level 8, -1/44 HPs)
             Began as a Deep Elf Hedge Wizard on Jan 8, 2023.
             Was an Initiate of Vehumet.
             Slain by a black bear (6 damage)
             ... on level 6 of the Dungeon.
             The game lasted 00:10:56 (5401 turns).

pokeman the Thaumaturge (Deep Elf Hedge Wizard)     Turns: 5401, Time: 00:10:56

Health: -1/44      AC:  4    Str:  7    XL:     8   Next: 26%
Magic:  13/23      EV: 13    Int: 22    God:    Vehumet [......]
Gold:   322        SH:  0    Dex: 14    Spells: 17/25 levels left

rFire   + . .      SeeInvis .    r - +2 sling (flame)
rCold   . . .      Faith    .    (no shield)
rNeg    + . .      Spirit   .    b - +0 robe
rPois   .          Reflect  .    m - +0 helmet
rElec   .          Harm     .    y - +0 cloak
rCorr   .          Rampage  .    (no gloves)
Will    .....                    (no boots)
Stlth   ++                       j - amulet of regeneration
HPRegen 1.07/turn                i - ring of protection from fire
MPRegen 0.18/turn                l - ring of positive energy

@: on blink cooldown
A: no striking features
a: Renounce Religion


You were on level 6 of the Dungeon.
You worshipped Vehumet.
Vehumet was noncommittal.
You visited 2 branches of the dungeon, and saw 7 of its levels.

You collected 322 gold pieces.

Inventory:

Hand Weapons
 r - a +2 sling of flaming (weapon)
Missiles
 C - a throwing net
Armour
 b - a +0 robe (worn)
 c - a +0 kite shield
 m - a +0 helmet (worn)
 y - a +0 cloak (worn)
Jewellery
 i - a ring of protection from fire (left hand)
 j - an amulet of regeneration (around neck)
 l - a ring of positive energy (right hand)
Wands
 t - a wand of digging (7)
 B - a wand of flame (21)
Scrolls
 f - a scroll of amnesia {unknown}
 g - 2 scrolls of vulnerability {unknown}
 h - 2 scrolls of teleportation {unknown}
 k - a scroll of brand weapon {unknown}
 o - a scroll of fog {unknown}
 q - 3 scrolls of identify {unknown}
 s - a scroll of torment {unknown}
 u - 2 scrolls of immolation {unknown}
 x - a scroll of fear {unknown}
 D - 2 scrolls of magic mapping {unknown}
Potions
 a - 4 potions of brilliance {unknown}
 d - a potion of magic
 e - 4 potions of curing
 n - 2 potions of attraction {unknown}
 p - a potion of mutation {unknown}
 v - a potion of haste {unknown}
 w - a potion of ambrosia {unknown}
 z - a potion of resistance {unknown}
 A - a potion of lignification {unknown}
 E - a potion of heal wounds {unknown}


   Skills:
 - Level 2.0 Fighting
 - Level 2.0 Armour
 - Level 3.1 Dodging
 - Level 3.0 Stealth
 + Level 1.4 Shields
 * Level 9.4 Spellcasting
 + Level 4.8 Conjurations
 + Level 3.1 Summonings
 - Level 1.1 Translocations
 - Level 1.0 Air Magic
 - Level 1.2 Poison Magic
 - Level 1.0 Evocations


You had 17 spell levels left.
You knew the following spells:

 Your Spells              Type           Power      Damage    Failure   Level
a - Magic Dart            Conj           100%       1d8       1%          1
b - Mephitic Cloud        Conj/Pois/Air  20%        N/A       7%          3
c - Call Imp              Summ           24%        N/A       2%          2
d - Blink                 Tloc           30%        N/A       6%          2

Your spell library contained the following spells:

 Spells                   Type           Power      Damage    Failure   Level
 Searing Ray              Conj           62%        2d6       1%          2
 Apportation              Tloc           30%        N/A       4%          1
 Slow                     Hex            40%        N/A       6%          1
 Cigotuvi's Dreadful Rot  Necr/Pois/Air  26%        N/A       7%          2
 Sublimation of Blood     Necr           10%        N/A       10%         2
 Vhi's Electric Charge    Tloc/Air       30%        N/A       12%         3
 Fulminant Prism          Conj/Hex       10%        3d9       24%         4
 Arcjolt                  Conj/Air       11%        1d21      47%         5
 Petrify                  Tmut/Erth      10%        N/A       54%         4
 Irradiate                Conj/Tmut      10%        3d15      54%         5
 Alistair's Intoxication  Tmut/Pois      8%         N/A       80%         5
 Maxwell's Capacitive Co  Air            7%         ∞         100%        8


Dungeon Overview and Level Annotations

Branches:
Dungeon (6/15)             Temple (1/1) D:5

Altars:
Ashenzari
Cheibriados
Fedhas
Gozag
Hepliaklqana
Kikubaaqudgha
Makhleb
Okawaru
Qazlal
Sif Muna
Trog
Uskayaw
Vehumet
Wu Jian
Xom
Zin
The Shining One

Shops:
D:5 :


Message History

The black bear claws you.
The orc is engulfed in noxious fumes.
Something hits you.
Unknown command.
Unknown command.
The black bear bites you!
* * * LOW HITPOINT WARNING * * *
The black bear misses you. The black bear claws you.
* * * LOW HITPOINT WARNING * * *
The orc is engulfed in noxious fumes.
The orc appears confused.
The black bear barely misses you. The black bear closely misses you.
The black bear claws you.
* * * LOW HITPOINT WARNING * * *
Unknown command.
Casting: Mephitic Cloud (dangerous; 8% risk of failure)
Confirm with . or Enter, or press ? or * to list all spells.
You blink.
Found 9 gold pieces.
The orc hits something with a +0 dagger.
Fire: r) +2 sling (flame)
Press: ? - help, Q - select action, (/) - cycle Shift-Dir - straight line, f - black bear
Aim: a black bear (noxious fumes, severely wounded, berserk, 67% to hit)
You shoot a sling bullet. Vehumet accepts your kill.
Reactivating autopickup.
You feel a bit more experienced.
The black bear is engulfed in noxious fumes.
The black bear rages.
Unknown command.
Casting: Blink (safe; 6% risk of failure)
Confirm with . or Enter, or press ? or * to list all spells.
Aiming: Mephitic Cloud (dangerous; 7% risk of failure)
Press: ? - help, Shift-Dir - straight line, f/p - black bear
Aim: a black bear (severely wounded, berserk, chance to affect: 72%)
The ball explodes into a vile cloud!
The stinking cloud engulfs the black bear but does no damage.
The black bear is severely wounded.
The black bear is engulfed in noxious fumes.
The black bear appears confused.
The black bear is engulfed in noxious fumes.
The black bear bites you.
You die...

.......###.................##.###
.............#....########.#.....
.†....####...#....# #.#####.
......# #..>.....# #.......
..##### ###.###### ######## ..#
#.# ###### ..# #.#####...... ..#
#####.#$○........ +##
#...†.#☼h@.......
+..§.o).☼........
#....°#..........
#####.#.......... #.#..........
#.#.......... #.#####...... #.#
###### .#


You could see a black bear (berserk, confused) and an orc (confused).

Vanquished Creatures
  Eustachio (D:6)
  An ice beast (D:6)
  A black bear (D:6)
  A sky beast (D:6)
  3 ogres
  A scorpion (D:4)
  A gnoll sergeant (D:6)
  An electric eel (D:5)
  A howler monkey (D:6)
  2 hounds
  2 jellies
  2 iguanas (D:6)
  An orc priest (D:3)
  Ijyb (D:4)
  An orc wizard (D:6)
  7 gnolls
  4 adders
  An ufetubus (D:6)
  2 worms (D:5)
  2 dart slugs (D:1)
  8 orcs
  3 endoplasms
  2 giant cockroaches
  A hobgoblin (D:1)
  3 jackals (D:5)
  2 quokkas
  8 ball pythons
  2 bats
  3 frilled lizards (D:1)
  11 goblins
  5 kobolds
  2 rats
86 creatures vanquished.

Vanquished Creatures (others)
  An electric eel (D:5)
  A plant (D:5)
2 creatures vanquished.

Grand Total: 88 creatures vanquished

Notes
Turn   | Place    | Note
-------+----------+-------------------------------------------
     0 | D:1      | pokeman the Deep Elf Hedge Wizard began the quest for the
                  | Orb.
     0 | D:1      | Reached XP level 1. HP: 10/10 MP: 7/7
   333 | D:1      | Reached XP level 2. HP: 16/16 MP: 2/9
   922 | D:1      | Found a faded altar of an unknown god.
  1172 | D:2      | Reached skill level 5 in Spellcasting
  1172 | D:2      | Reached XP level 3. HP: 20/20 MP: 3/11
  1176 | D:2      | Learned a level 3 spell: Mephitic Cloud
  1179 | D:2      | Learned a level 2 spell: Call Imp
  1182 | D:2      | Learned a level 2 spell: Blink
  1367 | D:2      | Reached skill level 1 in Fighting
  1367 | D:2      | Reached skill level 1 in Armour
  1600 | D:2      | Found a shimmering altar of Xom.
  1839 | D:3      | Reached XP level 4. HP: 25/25 MP: 7/13
  2096 | D:3      | Found a glowing golden altar of the Shining One.
  2100 | D:3      | Found a shimmering altar of Xom.
  2161 | D:3      | Found a stormy altar of Qazlal.
  2597 | D:4      | Noticed an ogre
  2598 | D:4      | Noticed a scorpion
  2608 | D:4      | Killed a scorpion
  2609 | D:4      | Reached skill level 1 in Shields
  2609 | D:4      | Reached skill level 6 in Spellcasting
  2609 | D:4      | Reached XP level 5. HP: 29/29 MP: 8/15
  2617 | D:4      | Killed an ogre
  2677 | D:4      | Reached skill level 1 in Air Magic
  2677 | D:4      | Reached XP level 6. HP: 34/34 MP: 13/17
  3004 | D:4      | Noticed Ijyb
  3028 | D:4      | Killed Ijyb
  3462 | D:4      | Found a glowing silver altar of Zin.
  3482 | D:4      | Found a burning altar of Makhleb.
  3741 | D:5      | Entered Level 5 of the Dungeon
  3765 | D:5      | Reached skill level 7 in Spellcasting
  3780 | D:5      | Found a blossoming altar of Fedhas.
  3809 | D:5      | Found a transporter.
  3815 | D:5      | Found a transporter.
  3858 | D:5      | Reached skill level 1 in Poison Magic
  3912 | D:5      | Found a staircase to the Ecumenical Temple.
  3918 | Temple   | Entered the Ecumenical Temple
  4020 | Temple   | Became a worshipper of Vehumet
  4372 | D:5      | Reached skill level 1 in Evocations
  4372 | D:5      | Reached XP level 7. HP: 29/39 MP: 17/20
  4438 | D:5      | Found Ravirhe's Book Emporium.
  4640 | D:5      | Found an ornate altar of the Wu Jian Council.
  4835 | D:6      | Reached skill level 8 in Spellcasting
  4994 | D:6      | Noticed Eustachio
  5016 | D:6      | Killed Eustachio
  5130 | D:6      | Reached skill level 9 in Spellcasting
  5130 | D:6      | Reached XP level 8. HP: 28/44 MP: 20/23
  5398 | D:6      | HP: 2/44 [black bear (5)]
  5401 | D:6      | Slain by a black bear

Illustrated notes

Levels and vault maps discovered:
D:1:      minmay_arrival_glassed_features, layout_loops_corners,
          hellmonk_ecumenical_altar_pennies_from_heaven, minmay_tromino_i2
D:2:      layout_basic, basic_altar
D:3:      layout_loops_ring, grunt_qazlal_clouds, mainiacjoe_overflow_big_doors
D:4:      kennysheep_the_goblin_king, layout_layer_cave,
          nicolae_overflow_hidden_temple, zin_statuary, minmay_liquid_box,
          uniq_ijyb
D:5:      gammafunk_steamed_eel, layout_basic, fedhas_altar_2,
          kennysheep_little_box, minmay_temple_entry_wispy, serial_shops,
          shop_fountains
D:6:      layout_basic, chequers_serial_rivers_micro_c, uniq_eustachio
Temple:   hellmonk_temple_flake

Skill      XL: |  1  2  3  4  5  6  7  8 |
---------------+-------------------------+-----
Spellcasting   | 5 6 7 9 |  9.4
Fighting       | 1 2 |  2.0
Armour         | 1 2 |  2.0
Conjurations   | 2 3 4 |  4.8
Dodging        | 3 |  3.1
Shields        | 1 |  1.4
Stealth        | 3 |  3.0
Air Magic      | 1 |  1.0
Poison Magic   | 1 |  1.2
Evocations     | 1 |  1.0
Summonings     | 2 3 |  3.1
Translocations | |  1.1

Action                   |  1- 3 |  4- 6 |  7- 9 || total
-------------------------+-------+-------+-------++-------
Melee: Dagger            |     7 |       |       ||     7
       Punch             |     1 |       |       ||     1
       Long sword        |     9 |       |       ||     9
 Fire: Sling             |       |   106 |    97 ||   203
 Cast: Magic Dart        |    64 |    12 |     2 ||    78
       Mephitic Cloud    |     1 |    10 |    15 ||    26
       Call Imp          |     1 |       |     3 ||     4
       Blink             |       |       |     2 ||     2
 Stab: Sleeping          |     1 |       |       ||     1
       Distracted        |     1 |       |       ||     1
Armor: Robe              |     3 |    10 |     8 ||    21
Dodge: Dodged            |    20 |    23 |    36 ||    79

Table legend: (Time is in decaauts)
 A = Elapsed time spent in this place.
 B = Non-inter-level travel time spent in this place.
 C = Inter-level travel time spent in this place.
 D = Time resting spent in this place.
 E = Time spent auto-exploring this place.
 F = Levels seen in this place.
 G = Mean time per level.
                   A        B        C        D        E       F      G
               +--------+--------+--------+--------+--------+-----+--------+
         Total |   5490 |   5285 |    205 |     95 |   4394 |   7 |  784.3 |
       Dungeon |   5377 |   5181 |    196 |     95 |   4311 |   6 |  896.2 |
        Temple |    112 |    103 |      9 |      0 |     83 |   1 |  112.0 |
               +--------+--------+--------+--------+--------+-----+--------+

Top non-repeatable levels by time:
     D:4: 1167 daAuts
     D:1: 1159 daAuts
     D:5: 934 daAuts
     D:3: 841 daAuts
     D:6: 672 daAuts
     D:2: 600 daAuts
  Temple: 112 daAuts
